ITL
DETROIT X-WINGS @ PORTLAND PRIVATEERS
04/20/2029
 
TOP OF THE 1ST
Detroit X-Wings batting - Pitching for Portland Privateers : RHP Héctor Negrón
Pitching: RHP Héctor Negrón
Batting: RHB Domingo Ávila 0-0: Ground out 5-3 (Groundball, 5S)
Batting: SHB Javier Jiménez 0-0: Ball
1-0: Ball
2-0: SINGLE (Line Drive, 7LM)
Batting: LHB Chris Loudermilk 0-0: Ball
1-0: Called Strike
1-1: Ball
2-1: Fly out, F7 (Flyball, 7S)
Batting: SHB Barrett Bowden 0-0: Ball
1-0: Ball
2-0: Called Strike
2-1: 2-RUN HOME RUN (Line Drive, 9LD), Distance : 350 ft
Batting: RHB Robby Lewis 0-0: Ball
1-0: Ball
2-0: Foul Ball, location: 2F
2-1: Ball
3-1: Base on Balls
Batting: LHB Paul Alston 0-0: Called Strike
0-1: SINGLE (Groundball, 4MD)
Robby Lewis to second
Runner from 2nd tries for 3rd, OUT!
Top of the 1st over - 2 runs, 3 hits, 0 errors, 1 left on base; Detroit 2 - Portland 0
BOTTOM OF THE 1ST
Portland Privateers batting - Pitching for Detroit X-Wings : RHP Jorge Gómez
Pitching: RHP Jorge Gómez
Batting: SHB Patrick Larson 0-0: Ball
1-0: SINGLE (Line Drive, 89S)
Batting: RHB Joe Bailey 0-0: Ball
1-0: Ball
2-0: Ball
3-0: Called Strike
3-1: Foul Ball, location: 2F
3-2: Base on Balls
Patrick Larson to second
Batting: RHB José Balina 0-0: Swinging Strike
0-1: Ball
1-1: Swinging Strike
1-2: Ball
2-2: Ball
3-2: Strikes out swinging
Batting: LHB Jeff Dorney 0-0: Called Strike
0-1: Ball
1-1: Fly out, F8 (Flyball, 8LXD)
Runner from 2nd tags up, SAFE at 3rd, no throw
Batting: SHB Cory Campbell 0-0: Ball
1-0: SINGLE (Line Drive, 6MD)
Patrick Larson scores
Joe Bailey to second
Runner from 2nd tries for 3rd, SAFE, throw made to third
Batting: LHB Domingo Ledesma 0-0: Ball
1-0: Called Strike
1-1: Ground out U3 (Groundball, 3L)
Bottom of the 1st over - 1 run, 2 hits, 0 errors, 2 left on base; Detroit 2 - Portland 1
TOP OF THE 2ND
Detroit X-Wings batting - Pitching for Portland Privateers : RHP Héctor Negrón
Batting: RHB Enrique Aguilar 0-0: Called Strike
0-1: Swinging Strike
0-2: Foul Ball, location: 2F
0-2: Foul Ball, location: 2F
0-2: Ball
1-2: Ground out 6-3 (Groundball, 6)
Batting: LHB Sergio Luna 0-0: DOUBLE (Flyball, 8LXD)
Batting: RHB Carlos Aguirre 0-0: Ball
1-0: Ball
2-0: DOUBLE (Groundball, 5L)
Sergio Luna scores
Batting: RHB Domingo Ávila 0-0: Swinging Strike
0-1: Ball
1-1: Ball
Wild Pitch!
Carlos Aguirre to third
2-1: Called Strike
2-2: Ball
3-2: Fly out, F3 (Popup, 3SF)
Batting: SHB Javier Jiménez 0-0: Ball
1-0: Ball
2-0: Fly out, F6 (Flyball, 56D)
Top of the 2nd over - 1 run, 2 hits, 0 errors, 1 left on base; Detroit 3 - Portland 1
BOTTOM OF THE 2ND
Portland Privateers batting - Pitching for Detroit X-Wings : RHP Jorge Gómez
Batting: LHB Dillon Beck 0-0: Called Strike
0-1: Ball
1-1: SINGLE (Groundball, 34D)
Batting: RHB Luis Pineda 0-0: Ball
1-0: Ball
2-0: Ball
3-0: Called Strike
3-1: Base on Balls
Dillon Beck to second
Batting: LHB Pedro Padilla 0-0: Ball
1-0: Ball
2-0: Ball
3-0: Base on Balls
Dillon Beck to third
Luis Pineda to second
Batting: SHB Patrick Larson 0-0: Ball
1-0: SINGLE (Line Drive, 6D)
Dillon Beck scores
Luis Pineda to third
Pedro Padilla to second
Batting: RHB Joe Bailey 0-0: Swinging Strike
0-1: Ball
1-1: Swinging Strike
1-2: Strikes out swinging
Batting: RHB José Balina 0-0: Fly out, F3 (Line Drive, 34)
Batting: LHB Jeff Dorney 0-0: Called Strike
0-1: Ground out U3 (Groundball, 3L)
Bottom of the 2nd over - 1 run, 2 hits, 0 errors, 3 left on base; Detroit 3 - Portland 2
TOP OF THE 3RD
Detroit X-Wings batting - Pitching for Portland Privateers : RHP Héctor Negrón
Batting: LHB Chris Loudermilk 0-0: Ball
1-0: Swinging Strike
1-1: Swinging Strike
1-2: Fly out, F7 (Flyball, 78D)
Batting: SHB Barrett Bowden 0-0: Called Strike
0-1: Fly out, F8 (Flyball, 8LD)
Batting: RHB Robby Lewis 0-0: Ground out 4-3 (Groundball, 4)
Top of the 3rd over - 0 runs, 0 hits, 0 errors, 0 left on base; Detroit 3 - Portland 2
BOTTOM OF THE 3RD
Portland Privateers batting - Pitching for Detroit X-Wings : RHP Jorge Gómez
Batting: SHB Cory Campbell 0-0: Ground out 6-3 (Groundball, 6)
Batting: LHB Domingo Ledesma 0-0: Ball
1-0: Ground out 3-1 (Groundball, 34S)
Batting: LHB Dillon Beck 0-0: Ball
1-0: Called Strike
1-1: Foul Ball, location: 2F
1-2: Fly out, F7 (Flyball, 78S)
Bottom of the 3rd over - 0 runs, 0 hits, 0 errors, 0 left on base; Detroit 3 - Portland 2
TOP OF THE 4TH
Detroit X-Wings batting - Pitching for Portland Privateers : RHP Héctor Negrón
Batting: LHB Paul Alston 0-0: Swinging Strike
0-1: Ball
1-1: Ball
2-1: SINGLE (Line Drive, 56D)
Batting: RHB Enrique Aguilar 0-0: Called Strike
0-1: Ball
1-1: Fly out, F9 (Flyball, 9S)
Batting: LHB Sergio Luna 0-0: Called Strike
0-1: Ball
1-1: Ball
Paul Alston steals 2nd base
2-1: Ground out 1-3 (Groundball, 13S)
Paul Alston to third
Batting: RHB Carlos Aguirre 0-0: Called Strike
0-1: Called Strike
0-2: 2-RUN HOME RUN (Line Drive, 7D), Distance : 386 ft
Batting: RHB Domingo Ávila 0-0: Ball
1-0: SINGLE (Line Drive, 89M)
Batting: SHB Javier Jiménez 0-0: Called Strike
0-1: Called Strike
0-2: Strikes out swinging
Top of the 4th over - 2 runs, 3 hits, 0 errors, 1 left on base; Detroit 5 - Portland 2
BOTTOM OF THE 4TH
Portland Privateers batting - Pitching for Detroit X-Wings : RHP Jorge Gómez
Batting: RHB Luis Pineda 0-0: Ball
1-0: Fly out, F8 (Flyball, 78M)
Batting: LHB Pedro Padilla 0-0: Called Strike
0-1: Ball
1-1: Ball
2-1: Foul Ball, location: 2F
2-2: Ball
3-2: Foul Ball, location: 2F
3-2: Ground out U3 (Groundball, 3)
Batting: SHB Patrick Larson 0-0: Ball
1-0: Ball
2-0: Ball
3-0: Called Strike
3-1: Base on Balls
Batting: RHB Joe Bailey 0-0: Foul Ball, location: 2F
0-1: Ball
1-1: Ball
2-1: Foul Ball, location: 2F
2-2: Strikes out swinging
Bottom of the 4th over - 0 runs, 0 hits, 0 errors, 1 left on base; Detroit 5 - Portland 2
TOP OF THE 5TH
Detroit X-Wings batting - Pitching for Portland Privateers : RHP Héctor Negrón
Pitching: RHP José García
Batting: LHB Chris Loudermilk 0-0: Ball
1-0: Ground out 4-3 (Groundball, 4)
Batting: SHB Barrett Bowden 0-0: Swinging Strike
0-1: Called Strike
0-2: Foul Ball, location: 2F
0-2: Ball
1-2: Ground out 6-3 (Groundball, 6M)
Batting: RHB Robby Lewis 0-0: Fly out, F8 (Flyball, 8RD)
Top of the 5th over - 0 runs, 0 hits, 0 errors, 0 left on base; Detroit 5 - Portland 2
BOTTOM OF THE 5TH
Portland Privateers batting - Pitching for Detroit X-Wings : RHP Jorge Gómez
Batting: RHB José Balina 0-0: Ball
1-0: Foul Ball, location: 2F
1-1: Ground out 5-3 (Groundball, 56)
Batting: LHB Jeff Dorney 0-0: Ball
1-0: Fly out, F8 (Flyball, 8RD)
Batting: SHB Cory Campbell 0-0: Called Strike
0-1: Ball
1-1: Ball
2-1: Swinging Strike
2-2: SINGLE (Flyball, 9LS)
Batting: LHB Domingo Ledesma 0-0: Foul Ball, location: 2F
0-1: Foul Ball, location: 2F
0-2: Ball
1-2: Fly out, F8 (Flyball, 8RM)
Bottom of the 5th over - 0 runs, 1 hit, 0 errors, 1 left on base; Detroit 5 - Portland 2
TOP OF THE 6TH
Detroit X-Wings batting - Pitching for Portland Privateers : RHP José García
Batting: LHB Paul Alston 0-0: Ball
1-0: Ball
2-0: Foul Ball, location: 2F
2-1: Fly out, F3 (Line Drive, 3)
Batting: RHB Enrique Aguilar 0-0: Ball
1-0: Called Strike
1-1: Ball
2-1: Foul Ball, location: 2F
2-2: Ground out 6-3 (Groundball, 6)
Batting: LHB Sergio Luna 0-0: Ball
1-0: Foul Ball, location: 2F
1-1: Called Strike
1-2: Ball
2-2: Strikes out looking
Top of the 6th over - 0 runs, 0 hits, 0 errors, 0 left on base; Detroit 5 - Portland 2
BOTTOM OF THE 6TH
Portland Privateers batting - Pitching for Detroit X-Wings : RHP Jorge Gómez
Batting: LHB Dillon Beck 0-0: Foul Ball, location: 2F
0-1: Foul Ball, location: 2F
0-2: Ball
1-2: Strikes out swinging
Batting: RHB Luis Pineda 0-0: Ball
1-0: Ball
2-0: Fly out, F7 (Flyball, 7LMF)
Batting: LHB Pedro Padilla 0-0: Fly out, F8 (Flyball, 8LS)
Bottom of the 6th over - 0 runs, 0 hits, 0 errors, 0 left on base; Detroit 5 - Portland 2
TOP OF THE 7TH
Detroit X-Wings batting - Pitching for Portland Privateers : RHP José García
Batting: RHB Carlos Aguirre 0-0: Ball
1-0: Foul Ball, location: 2F
1-1: Ball
2-1: Foul Ball, location: 2F
2-2: Foul Ball, location: 2F
2-2: Foul Ball, location: 2F
2-2: Ball
3-2: Foul Ball, location: 2F
3-2: Base on Balls
Batting: RHB Domingo Ávila 0-0: Called Strike
0-1: Sac Bunt - play at first, batter OUT! 1-3
Carlos Aguirre to second
Batting: SHB Javier Jiménez 0-0: Swinging Strike
0-1: SINGLE (Line Drive, 89S)
Carlos Aguirre to third
Runner from 3rd tries for Home, SAFE, throw made home
Pitching: RHP Carlos Molina
Batting: LHB Chris Loudermilk 0-0: SINGLE (Groundball, 5D)
Javier Jiménez to second
Batting: SHB Barrett Bowden 0-0: Fly out, F8 (Flyball, 8RS)
Batting: RHB Robby Lewis 0-0: Called Strike
0-1: SINGLE (Groundball, 6MD)
Javier Jiménez to third
Chris Loudermilk to second
Runner from 3rd tries for Home, SAFE, throw made home
Batting: LHB Paul Alston 0-0: Swinging Strike
0-1: Ball
1-1: Ball
2-1: Fly out, F8 (Flyball, 8RM)
Top of the 7th over - 2 runs, 3 hits, 0 errors, 2 left on base; Detroit 7 - Portland 2
BOTTOM OF THE 7TH
Portland Privateers batting - Pitching for Detroit X-Wings : RHP Jorge Gómez
Batting: SHB Patrick Larson 0-0: SINGLE (Line Drive, 9S)
Batting: RHB Joe Bailey 0-0: Ball
1-0: Ball
2-0: SINGLE (Flyball, 89S)
Patrick Larson to second
Runner from 2nd tries for 3rd, SAFE, throw made at trailing runner, OUT!
Batting: RHB José Balina 0-0: Foul Ball, location: 2F
0-1: Fly out, F4 (Popup, 4M)
Batting: LHB Jeff Dorney 0-0: Swinging Strike
0-1: Called Strike
0-2: Ball
1-2: Ball
2-2: Strikes out swinging
Bottom of the 7th over - 0 runs, 2 hits, 0 errors, 1 left on base; Detroit 7 - Portland 2
TOP OF THE 8TH
Detroit X-Wings batting - Pitching for Portland Privateers : RHP Carlos Molina
Batting: RHB Enrique Aguilar 0-0: Swinging Strike
0-1: Ground out 4-3 (Groundball, 34)
Batting: LHB Sergio Luna 0-0: Ball
1-0: Ball
2-0: Foul Ball, location: 2F
2-1: DOUBLE (Line Drive, 8LD)
Batting: RHB Carlos Aguirre 0-0: Ball
1-0: Foul Ball, location: 2F
1-1: Foul Ball, location: 2F
1-2: Foul Ball, location: 2F
1-2: Foul Ball, location: 2F
1-2: Ball
2-2: Ground out 6-3 (Groundball, 6)
Sergio Luna to third
Batting: RHB Domingo Ávila 0-0: Ball
1-0: Swinging Strike
1-1: Foul Ball, location: 2F
1-2: Ball
2-2: DOUBLE (Line Drive, 7LD)
Sergio Luna scores
Batting: SHB Javier Jiménez 0-0: Called Strike
0-1: Ball
1-1: Called Strike
1-2: Foul Ball, location: 2F
1-2: Strikes out swinging
Top of the 8th over - 1 run, 2 hits, 0 errors, 1 left on base; Detroit 8 - Portland 2
BOTTOM OF THE 8TH
Portland Privateers batting - Pitching for Detroit X-Wings : RHP Jorge Gómez
Pitching: LHP Javier Duarte
Batting: SHB Cory Campbell 0-0: Called Strike
0-1: Swinging Strike
0-2: Fly out, F8 (Flyball, 8RD)
Batting: LHB Domingo Ledesma 0-0: Called Strike
0-1: Fly out, F8 (Flyball, 8RM)
Batting: LHB Dillon Beck 0-0: Ball
1-0: SINGLE (Line Drive, 8LM)
Batting: RHB Luis Pineda 0-0: Foul Ball, location: 2F
0-1: Foul Ball, location: 2F
0-2: Ball
1-2: Ball
2-2: Fly out, F9 (Line Drive, 9)
Bottom of the 8th over - 0 runs, 1 hit, 0 errors, 1 left on base; Detroit 8 - Portland 2
TOP OF THE 9TH
Detroit X-Wings batting - Pitching for Portland Privateers : RHP Carlos Molina
Batting: LHB Chris Loudermilk 0-0: Ground out 4-3 (Groundball, 4)
Batting: SHB Barrett Bowden 0-0: Ball
1-0: SINGLE (Groundball, 3S) (infield hit)
Batting: RHB Robby Lewis 0-0: Ball
Barrett Bowden steals 2nd base
1-0: Called Strike
1-1: Called Strike
1-2: Ball
2-2: Ball
3-2: Fly out, F8 (Flyball, 8RM)
Batting: LHB Paul Alston 0-0: Called Strike
0-1: Ground out 6-3 (Groundball, 6)
Top of the 9th over - 0 runs, 1 hit, 0 errors, 1 left on base; Detroit 8 - Portland 2
BOTTOM OF THE 9TH
Portland Privateers batting - Pitching for Detroit X-Wings : LHP Javier Duarte
Now in CF: Merlin Morris
Batting: LHB Pedro Padilla 0-0: Ball
1-0: Swinging Strike
1-1: Foul Ball, location: 2F
1-2: Ball
2-2: Strikes out swinging
Batting: SHB Patrick Larson 0-0: Ball
1-0: Called Strike
1-1: Swinging Strike
1-2: Hit by Pitch
Batting: RHB Joe Bailey 0-0: Called Strike
0-1: Ball
1-1: Called Strike
1-2: Grounds into double play, 6-4-3 (Groundball, 6)
Bottom of the 9th over - 0 runs, 0 hits, 0 errors, 0 left on base; Detroit 8 - Portland 2
Saturday, December 16th, 2017 - OOTP Baseball 18.8 Build 76